 Dungeon Sprint DCSS version bcrawl-1.19.1 (webtiles) character file.

Game seed: 9089495964672341336

36661 MordorOrchid the Imperceptible (level 13, -62/64 HPs)
             Began as a Spriggan Enchanter on Oct 7, 2019.
             Was the Champion of Okawaru.
             Killed from afar by Lom Lobon (75 damage)
             ... with a great icy blast
             ... in the Dungeon (Sprint I: "Red Sonja") on Dec 6, 2019.
             The game lasted 00:57:00 (4098 turns).

MordorOrchid the Imperceptible (Spriggan Enchanter) Turns: 4098, Time: 00:57:00

Health: -62/64     AC:  7    Str:  4      XL:     13   Next: 54%
Magic:  27/27      EV: 37    Int: 18      God:    Okawaru [******]
Gold:   492        SH: 16    Dex: 16 (18) Spells: 14/36 levels left

rFire    + . .     SeeInvis +   y - +2 dagger (elec)
rCold    . . .     Gourm    .   C - +1 buckler {AC+3}
rNeg     . . .     Faith    .   A - +2 robe {rF+}
rPois    +         Spirit   .   (helmet restricted)
rElec    .         Reflect  +   l - scarf {cloud immunity}
rCorr    .         Harm     .   (gloves unavailable)
MR       ++...     NoTele   +   (boots unavailable)
Stlth    ++++++++..             J - brooch of Shielding {Reflect SH+8}
HPRegen  0.20/turn              q - +3 ring of evasion
MPRegen  0.20/turn              H - ring of poison resistance

@: flying (expiring), hasted, very quick
A: very small, unfitting armour, see invisible, [dopey 1], herbivore, speed 3,
[frail 1], [low mp 1], [screaming 2], slow metabolism 2
a: Heroism, Finesse, Renounce Religion


You were in the Dungeon.
You worshipped Okawaru.
Okawaru was exalted by your worship.
You were hungry.

You visited 1 branch You collected 3472 gold pieces.
You spent 2980 gold pieces at shops.

Inventory:

Hand Weapons
 a - a +1 dagger
 b - a +5 blowgun
 j - a +0 hunting sling
 p - a +1 dagger of venom
 t - a +0 shortbow
 v - the +3 dagger of Sloth {vamp, rElec rN+ Str+5}
   (Okawaru gifted it to you in the Dungeon)

   It inflicts no extra harm, but heals its wielder when it wounds a living foe.
   It affects your strength (+5).
   It insulates you from electricity.
   It protects you from negative energy.
 x - a +0 rapier
 y - a +2 dagger of electrocution (weapon)
 E - a +1 hand crossbow of flaming
Missiles
 m - 216 sling bullets
 u - 558 arrows
 F - 101 bolts
 G - a throwing net (quivered) {!f}
 I - 356 poisoned tomahawks
Armour
 l - a scarf of cloud immunity (worn)
 A - a +2 robe of fire resistance (worn)
 C - a +1 buckler of protection (worn)
Magical Staves
 B - an uncursed staff of poison {unknown}
Jewellery
 n - an uncursed ring of magical power
 q - a +3 ring of evasion (left hand)
 s - an uncursed ring of protection from fire
 H - a ring of poison resistance (right hand)
 J - the brooch of Shielding (around neck) {Reflect SH+8}
   (You bought it in a shop in the Dungeon)

   [amulet of reflection]

   It shields you and reflects attacks.
   It affects your SH (+8).
Wands
 c - a wand of polymorph (10)
Scrolls
 d - 3 scrolls of fog
 k - a scroll of blinking
 o - a scroll of immolation
 r - 2 scrolls of fear
Potions
 e - 4 potions of curing
 g - 3 potions of heal wounds
 i - 2 potions of magic
 w - a potion of brilliance
 z - 2 potions of cancellation
 D - a potion of lignification
Comestibles
 f - a ration {!d}


   Skills:
 * Level 9.9 Fighting
 * Level 6.8 Short Blades
 * Level 11.9 Throwing
 + Level 19.4 Dodging
 * Level 21.7 Stealth
 - Level 4.1 Shields
 - Level 12.2 Spellcasting
 - Level 12.1 Hexes
 - Level 4.7 Summonings
 - Level 10.0 Translocations
 * Level 10.9 Air Magic
 - Level 7.0 Invocations
 - Level 6.4 Evocations


You had 14 spell levels left.
You knew the following spells:

 Your Spells              Type           Power        Failure   Level  Hunger
a - Corona                Hex            ######.      1%          1    None
b - Ensorcelled Hibernat  Hex/Ice        ####..       1%          2    None
c - Confuse               Hex            ######..     1%          3    None
d - Tukima's Dance        Hex            ######..     1%          3    None
e - Dazzling Spray        Conj/Hex       ####..       1%          3    None
j - Summon Lightning Spi  Summ/Air       #####...     9%          5    ####...
p - Passage of Golubria   Tloc           N/A          3%          5    ####...

Your spell library contained the following spells:

 Spells                   Type           Power        Failure   Level  Hunger
 Beckoning                Tloc           #####.....   1%          3    None
 Silence                  Hex/Air        ######....   1%          5    ####...
 Freeze                   Ice            ##....       8%          1    None
 Throw Frost              Conj/Ice       ##....       12%         2    None
 Sticky Flame             Conj/Fire      ##......     61%         4    ##.....
 Conjure Ball Lightning   Conj/Air       ####......   77%         6    ######.
 Deflect Missiles         Chrm/Air       ####......   77%         6    ######.
 Freezing Cloud           Ice/Air        ####......   77%         6    ######.
 Bolt of Fire             Conj/Fire      ##........   100%        6    ######.
 Controlled Blink         Tloc           N/A          100%        8    #######
 Tornado                  Air            ######....   100%        9    #######


Dungeon Overview and Level Annotations

Branches:
Dungeon (1/1)

Altars:
Cheibriados
Dithmenos
Elyvilon
Fedhas
Gozag
Hepliaklqana
Kikubaaqudgha
Lugonu
Makhleb
Nemelex Xobeh
Okawaru
Qazlal
Ru
Sif Muna
Trog
Uskayaw
Vehumet
Wu Jian
Xom
Yredelemnul
Zin
The Shining One
Jiyva

Shops:
D (=[[=*[:(*}=!?[!=([[}=

Annotations:
D Lernaean hydra, Lom Lobon, Tiamat


Innate Abilities, Weirdness & Mutations

You are very small and have problems with some larger weapons.
You are too small for most types of armour.
You have supernaturally acute eyesight. (SInv)
You are a herbivore.
You cover ground extremely quickly.
You need to consume almost no food.
[You are dopey. (Int -2)]
[You are frail. (-10% HP)]
[Your magical capacity is low. (-10% MP)]
[You sometimes yell uncontrollably at your foes.]


Message History

Unknown command.
Unknown command.
You catch the helpless Lom Lobon completely off-guard!
You stick Lom Lobon like a pincushion!!!
Lom Lobon is lightly wounded.
The ball lightning explodes!
The blast of lightning engulfs Lom Lobon.
Lom Lobon completely resists.
The blast of lightning engulfs you!
* * * LOW HITPOINT WARNING * * *
Unknown command.
You hit Lom Lobon but do no damage.
Lom Lobon is lightly wounded.
Unknown command.
You completely miss Lom Lobon.
Lom Lobon is lightly wounded.
Lom Lobon gestures at you.
Lom Lobon conjures a mighty blast of ice!
The great icy blast engulfs you!
Ouch! That really hurt!
You die...

###############################
'...#..#§§§.§§§§§§§'§.#§§§.§§§#
#...##'#.####§§§§&##)&§.&#§§§.##
#...'..#§# ###§§@#######D#§§§§§##
#####..§§#+#$###+# ?$##§.#§§§§§#.
#..##'####^°°#y#.##$$$#..##.§§§#(
§§.#..○^.#°.°###..###$#..≈###'##.
#..#..○[^+..$$$##.#A#$#.&≈..#.###
##'###○°.#^....#..###$#[.≈.##'#.§
##.'.#...###''##.##..$#..≈##§§§§§
)###.#..###..###..#+###..≈#^.§§§§
.∩##.#..####..###...#.§§§##.§.§§§


You could see Lom Lobon (caught).

Vanquished Creatures
  A golden dragon (D)
  A shadow dragon (D)
  4 fire giants (D)
  A lorocyproca (D)
  A deep elf annihilator (D)
  A hydra (D)
  2 centaur warriors (D)
  Sonja (D)
  A deep troll (D)
  7 unseen horrors (D)
  A lindwurm (D)
  2 oklob plants (D)
  A shining eye (D)
  A merfolk siren (D)
  A gargoyle (D)
  A hellwing (D)
  2 kobold demonologists (D)
  4 demonic crawlers (D)
  5 hornets (D)
  A slime creature (D)
  2 redbacks (D)
  Sigmund (D)
  13 hogs (D)
  A yak (D)
  4 floating eyes (D)
  7 necrophages (D)
  An ogre (D)
  8 jellies (D)
  Ijyb (D)
  A ball lightning (D)
  2 ballistomycetes (D)
  A ballistomycete spore (D)
81 creatures vanquished.

Vanquished Creatures (collateral kills)
  A mummy priest (D)
  7 shining eyes (D)
  3 floating eyes (D)
11 creatures vanquished.

Vanquished Creatures (others)
  A merfolk siren (D)
  A gargoyle (D)
  3 ball lightnings (D)
  A ballistomycete spore (D)
6 creatures vanquished.

Grand Total: 98 creatures vanquished

Notes
Turn   | Place    | Note
-------+----------+-------------------------------------------
     0 | D        | MordorOrchid the Spriggan Enchanter began the quest for the
                  | Orb.
     0 | D        | Reached XP level 1. HP: 9/9 MP: 5/5
     2 | D        | Noticed Ijyb
     8 | D        | Killed Ijyb
     8 | D        | Reached skill level 7 in Stealth
     8 | D        | Reached XP level 2. HP: 2/15 MP: 6/6
    11 | D        | Noticed an ogre
    19 | D        | Killed an ogre
    19 | D        | Reached skill level 5 in Short Blades
    19 | D        | Reached skill level 9 in Stealth
    19 | D        | Reached XP level 3. HP: 3/20 MP: 8/8
    19 | D        | Reached XP level 4. HP: 4/25 MP: 9/9
   206 | D        | Learned a level 3 spell: Confuse
   209 | D        | Learned a level 2 spell: Ensorcelled Hibernation
   211 | D        | Noticed Sigmund
   221 | D        | Killed Sigmund
   221 | D        | Reached skill level 11 in Stealth
   221 | D        | Reached skill level 5 in Spellcasting
   221 | D        | Reached skill level 5 in Hexes
   221 | D        | Reached XP level 5. HP: 21/30 MP: 3/13
   221 | D        | Reached XP level 6. HP: 23/34 MP: 3/14
   227 | D        | Learned a level 3 spell: Tukima's Dance
   231 | D        | Learned a level 3 spell: Dazzling Spray
   293 | D        | Found an ornate altar of the Wu Jian Council.
   293 | D        | Found a shimmering blue altar of Sif Muna.
   295 | D        | Found a radiant altar of Vehumet.
   318 | D        | Found Reridul's Armour Emporium.
   318 | D        | Found an ancient bone altar of Kikubaaqudgha.
   318 | D        | Found a hazy altar of Hepliaklqana.
   318 | D        | Found a hide-covered altar of Uskayaw.
   318 | D        | Found a basalt altar of Yredelemnul.
   318 | D        | Found an opulent altar of Gozag.
   318 | D        | Found a snail-covered altar of Cheibriados.
   318 | D        | Found a sacrificial altar of Ru.
   318 | D        | Found a shadowy altar of Dithmenos.
   318 | D        | Noticed a yak
   319 | D        | Found a stormy altar of Qazlal.
   319 | D        | Found a blossoming altar of Fedhas.
   319 | D        | Found a bloodstained altar of Trog.
   319 | D        | Found an iron altar of Okawaru.
   319 | D        | Found a glowing golden altar of the Shining One.
   319 | D        | Found a glowing silver altar of Zin.
   319 | D        | Found a white marble altar of Elyvilon.
   320 | D        | Killed a yak
   320 | D        | Reached skill level 12 in Stealth
   320 | D        | Reached skill level 5 in Evocations
   321 | D        | Found a sparkling altar of Nemelex Xobeh.
   326 | D        | Became a worshipper of Warmaster Okawaru
   328 | D        | Bought a scarf of cloud immunity for 91 gold pieces
   360 | D        | Found a burning altar of Makhleb.
   360 | D        | Found a viscous altar of Jiyva.
   360 | D        | Found a shimmering altar of Xom.
   360 | D        | Found a corrupted altar of Lugonu.
   360 | D        | Noticed a slime creature
   363 | D        | Killed a slime creature
   363 | D        | Reached skill level 13 in Stealth
   363 | D        | Reached XP level 7. HP: 38/38 MP: 16/18
   371 | D        | Noticed Sonja
   375 | D        | Killed Sonja
   375 | D        | Reached * piety under Okawaru
   375 | D        | Reached skill level 10 in Dodging
   375 | D        | Reached skill level 15 in Stealth
   375 | D        | Reached XP level 8. HP: 42/42 MP: 17/21
   392 | D        | Found Luhurgha's Antique Weapon Boutique.
   413 | D        | Noticed a deep troll
   417 | D        | Killed a deep troll
   417 | D        | Reached ** piety under Okawaru
   417 | D        | Reached skill level 16 in Stealth
   417 | D        | Reached skill level 10 in Hexes
   438 | D        | Found Vatok's Armour Emporium.
   538 | D        | Noticed a centaur warrior
   538 | D        | Noticed a centaur warrior
   549 | D        | Killed a centaur warrior
   549 | D        | Reached *** piety under Okawaru
   549 | D        | Reached skill level 5 in Fighting
   549 | D        | Reached skill level 17 in Stealth
   549 | D        | Reached skill level 10 in Spellcasting
   549 | D        | Reached XP level 9. HP: 35/47 MP: 20/24
   568 | D        | Killed a centaur warrior
   568 | D        | Reached **** piety under Okawaru
   831 | D        | Noticed an oklob plant
   833 | D        | Killed an oklob plant
   833 | D        | Reached skill level 18 in Stealth
   839 | D        | Reached ***** piety under Okawaru
   842 | D        | Reached XP level 10. HP: 51/51 MP: 24/26
   865 | D        | Noticed an unseen horror
   865 | D        | Noticed an unseen horror
   869 | D        | Killed an unseen horror
   869 | D        | Reached skill level 5 in Throwing
   869 | D        | Reached skill level 5 in Invocations
   877 | D        | Killed an unseen horror
   877 | D        | Received a gift from Okawaru
   877 | D        | Reached skill level 19 in Stealth
   878 | D        | Got a brightly glowing dagger {god gift}
   997 | D        | Identified the Grimoire of Damaging Displacement
  1031 | D        | Identified the Guide on the Burning Glacier
  1040 | D        | Found Koadeybi's Book Shoppe.
  1040 | D        | Found Vunodd's Antique Armour Shop.
  1040 | D        | Found Bappain's Weapon Boutique.
  1042 | D        | Found Pinkaitt's Assorted Antiques.
  1042 | D        | Found Beakudgha's Gadget Shop.
  1042 | D        | Found Rahiarr's Jewellery Shoppe.
  1042 | D        | Found Niaxett's Distillery.
  1042 | D        | Found Moank's Magic Scroll Emporium.
  1042 | D        | Found Neziudut's Armour Shop.
  1042 | D        | Found Qeitij's Distillery.
  1045 | D        | Found Humiu's Jewellery Boutique.
  1046 | D        | Found Wushryklo's Antique Armour Emporium.
  1046 | D        | Found Pumin's Antique Weapon Boutique.
  1047 | D        | Found Nyxaren's Gadget Emporium.
  1049 | D        | Bought a potion of degeneration for 10 gold pieces
  1053 | D        | Bought a potion of heal wounds for 50 gold pieces
  1055 | D        | Bought a runed buckler for 172 gold pieces
  1062 | D        | Upgraded the game from bcrawl-1.15.1-4-g77d781cab4 to
                  | bcrawl-1.18.1
  1062 | D        | Upgraded the game from bcrawl-1.18.1 to bcrawl-1.19.1
  1065 | D        | Bought a potion of lignification for 30 gold pieces
  1065 | D        | Bought a potion of heal wounds for 50 gold pieces
  1065 | D        | Bought a potion of heal wounds for 50 gold pieces
  1065 | D        | Bought a potion of heal wounds for 50 gold pieces
  1067 | D        | Bought a scroll of identify for 26 gold pieces
  1067 | D        | Bought a scroll of fear for 45 gold pieces
  1067 | D        | Bought a scroll of blinking for 97 gold pieces
  1067 | D        | Bought a scroll of fog for 26 gold pieces
  1067 | D        | Bought a scroll of identify for 26 gold pieces
  1067 | D        | Bought a scroll of enchant weapon for 97 gold pieces
  1067 | D        | Bought a scroll of remove curse for 39 gold pieces
  1067 | D        | Bought a scroll of identify for 26 gold pieces
  1067 | D        | Bought a scroll of identify for 26 gold pieces
  1067 | D        | Bought a scroll of identify for 26 gold pieces
  1068 | D        | Identified the +3 dagger of Sloth {vamp, rElec rN+ Str+5}
                  | (Okawaru gifted it to you in the Dungeon)
  1211 | D        | Reached skill level 20 in Stealth
  1211 | D        | Reached skill level 1 in Shields
  1588 | D        | HP: 2/53 [demonic crawler (11)]
  1795 | D        | Noticed a gargoyle
  1806 | D        | Noticed a lindwurm
  1808 | D        | Killed a lindwurm
  1808 | D        | Reached XP level 11. HP: 56/56 MP: 28/28
  1816 | D        | Reached skill level 21 in Stealth
  1817 | D        | Received a gift from Okawaru
  1830 | D        | Reached skill level 15 in Dodging
  1974 | D        | Noticed a 12-headed hydra
  1976 | D        | Killed a 12-headed hydra
  2101 | D        | Bought a book of the Sky for 650 gold pieces
  2107 | D        | Learned a level 5 spell: Summon Lightning Spire
  2193 | D        | Bought an uncursed ring of poison resistance for 220 gold
                  | pieces
  2243 | D        | Received a gift from Okawaru
  2251 | D        | Noticed a lorocyproca
  2291 | D        | Killed a lorocyproca
  2332 | D        | Reached XP level 12. HP: 63/63 MP: 17/29
  2339 | D        | Learned a level 5 spell: Passage of Golubria
  2359 | D        | Noticed a daeva
  2370 | D        | Noticed a deep elf annihilator
  2536 | D        | Reached skill level 5 in Air Magic
  2574 | D        | Killed a deep elf annihilator
  2581 | D        | Noticed a mummy priest
  2671 | D        | Reached ****** piety under Okawaru
  2711 | D        | Noticed a shadow dragon
  2751 | D        | Noticed a golden dragon
  2783 | D        | Killed a golden dragon
  2815 | D        | Killed a shadow dragon
  2948 | D        | Found Tadiatso's Jewellery Shoppe.
  2965 | D        | Bought a cursed ring of attention for 58 gold pieces
  2965 | D        | Bought a cursed amulet of inaccuracy for 26 gold pieces
  3008 | D        | Reached XP level 13. HP: 68/68 MP: 30/30
  3010 | D        | Received a gift from Okawaru
  3010 | D        | Reached skill level 10 in Throwing
  3026 | D        | Noticed a fire giant
  3181 | D        | Noticed a fire giant
  3182 | D        | Noticed a fire giant
  3183 | D        | Noticed a fire giant
  3185 | D        | Killed a fire giant
  3185 | D        | Received a gift from Okawaru
  3190 | D        | Killed a fire giant
  3190 | D        | Received a gift from Okawaru
  3190 | D        | Reached skill level 10 in Air Magic
  3192 | D        | Killed a fire giant
  3194 | D        | Killed a fire giant
  3214 | D        | Identified the +4 dragonskin cloak
  3214 | D        | Noticed Tiamat
  3405 | D        | Paralysed by a floating eye for 2 turns
  3408 | D        | Lost strength.
  3410 | D        | Reached skill level 10 in Translocations
  3643 | D        | Found Hyentuj's Jewellery Shoppe.
  3643 | D        | Found Anujeur's Armour Emporium.
  3644 | D        | Found Guhirr's Jewellery Shop.
  3644 | D        | Found Seuqil's General Store.
  3662 | D        | Bought a cursed -2 ring of strength for 26 gold pieces
  3670 | D        | Bought the brooch of Shielding {Reflect SH+8} for 1063 gold
                  | pieces
  3670 | D        | Found the brooch of Shielding {Reflect SH+8}
  3773 | D        | Killed a mummy priest
  3905 | D        | Received a gift from Okawaru
  3914 | D        | Noticed Lom Lobon
  3946 | D        | Noticed the 27-headed Lernaean hydra
  4098 | D        | Killed from afar by Lom Lobon

Skill      XL: |  1  2  3  4  5  6  7  8  9 10 11 12 13 |
---------------+----------------------------------------+-----
Fighting       | 2 3 4 5 7 8 9 |  9.9
Short Blades   | 3 5 6 |  6.8
Dodging        | 4 6 7 9 10 12 13 14 16 17 19 | 19.4
Stealth        | 7 9 11 13 15 17 18 20 21 | 21.7
Spellcasting   | 5 7 8 10 11 12 | 12.2
Hexes          | 5 7 9 10 11 12 | 12.1
Evocations     | 3 6 |  6.4
Throwing       | 2 4 6 8 9 11 | 11.9
Invocations    | 2 4 7 |  7.0
Shields        | 2 4 |  4.1
Summonings     | 2 4 |  4.7
Air Magic      | 3 8 10 | 10.9
Translocations | 6 7 10 | 10.0

Action                   |  1- 3 |  4- 6 |  7- 9 | 10-12 | 13-15 || total
-------------------------+-------+-------+-------+-------+-------++-------
Melee: Dagger            |    11 |     9 |    25 |   138 |    12 ||   195
 Fire: Blowgun           |       |       |     4 |     7 |       ||    11
Throw: Tomahawk          |       |       |       |       |     7 ||     7
       Throwing net      |       |       |       |       |     2 ||     2
 Cast: Confuse           |       |     2 |     1 |    21 |       ||    24
       Dazzling Spray    |       |       |     2 |    45 |     4 ||    51
       Ensorcelled Hiber |       |       |     2 |    11 |     2 ||    15
       Corona            |       |       |     1 |     3 |       ||     4
       Summon Lightning  |       |       |       |     3 |    12 ||    15
       Tukima's Dance    |       |       |       |     3 |       ||     3
       Passage of Golubr |       |       |       |     3 |       ||     3
Invok: Heroism           |       |       |     1 |       |       ||     1
Evoke: Wand              |       |       |       |     5 |       ||     5
  Use: Potion            |     1 |       |       |     2 |     5 ||     8
       Scroll            |       |       |       |     7 |     1 ||     8
 Stab: Sleeping          |     1 |     3 |     7 |    21 |     8 ||    40
       Confused          |       |       |     1 |    13 |       ||    14
       Invisible         |       |       |       |     8 |       ||     8
       Distracted        |       |       |       |     1 |       ||     1
       Held in net/web   |       |       |       |       |     1 ||     1
  Eat: Ration            |       |       |       |     1 |     1 ||     2
Armor: Robe              |     1 |       |       |     7 |       ||     8
       Skin              |       |       |       |    37 |       ||    37
Dodge: Dodged            |     4 |     2 |     5 |   115 |     1 ||   127
Block: Buckler           |       |       |       |    22 |     1 ||    23
